 Dungeon Crawl Stone Soup version 0.29.1-15-g9cfb28693d (webtiles) character file.

Game seed: 9094360653175242613

56 EarthwalkerPL the Poker (level 3, -2/29 HPs)
             Began as a Merfolk Gladiator on Mar 4, 2023.
             Frozen to death by an endoplasm (5 damage)
             ... on level 3 of the Dungeon on Mar 5, 2023.
             The game lasted 00:02:19 (1808 turns).

EarthwalkerPL the Poker (Merfolk Gladiator)         Turns: 1808, Time: 00:02:20

Health: -2/29      AC:  4    Str: 14    XL:     3   Next: 95%
Magic:  3/3        EV: 13    Int:  7    God:
Gold:   57         SH:  0    Dex: 17    Spells: 2/2 levels left

rFire   . . .      SeeInvis .   a - +0 trident
rCold   . . .      Faith    .   (no shield)
rNeg    . . .      Spirit   .   b - +0 leather armour
rPois   .          Reflect  .   c - +0 helmet
rElec   .          Harm     .   (no cloak)
rCorr   .          Rampage  .   (no gloves)
Will    .....                   (no boots)
Stlth   +.........              (no amulet)
HPRegen 0.09/turn               g - ring of flight
MPRegen 0.08/turn               (no ring)

@: flying
A: (nimble swimmer 2), mertail
a: no special abilities


You were on level 3 of the Dungeon.
You visited 1 branch of the dungeon, and saw 3 of its levels.

You collected 57 gold pieces.

Inventory:

Hand Weapons
 a - a +0 trident (weapon)
Missiles
 d - 3 throwing nets (quivered)
 e - a javelin
Armour
 b - a +0 leather armour (worn)
 c - a +0 helmet (worn)
Jewellery
 g - a ring of flight (left hand)
Scrolls
 f - 3 scrolls of identify {unknown}
 h - 2 scrolls of teleportation {unknown}
 i - a scroll of blinking {unknown}
 k - a scroll of vulnerability {unknown}
 m - a scroll of fog {unknown}
Potions
 j - a potion of brilliance {unknown}
 l - a potion of heal wounds {unknown}
 n - a potion of degeneration {unknown}
 o - a potion of flight {unknown}
 p - a potion of might {unknown}


   Skills:
 * Level 3.0 Fighting
 * Level 4.5 Polearms
 + Level 2.2 Throwing
 * Level 1.1 Armour
 + Level 4.3 Dodging


You had 2 spell levels left.
You didn't know any spells.
Your spell library contained the following spells:

 Spells                   Type           Power      Damage    Failure   Level
 Shock                    Conj/Air       0%         1d3       50%         1
 Static Discharge         Conj/Air       0%         3-3/arc   65%         2
 Swiftness                Air            0%         N/A       86%         3
 Airstrike                Air            0%         2d(0-16)  99%         4
 Dispel Undead            Necr           0%         3d6       99%         4
 Sticky Flame             Conj/Fire      0%         2d3       99%         4


Dungeon Overview and Level Annotations

Branches:
Dungeon (3/15)

Altars:


Innate Abilities, Weirdness & Mutations

((You are very nimble when in or above water. (Stealth+, EV+, Speed+++)))
Your lower body shifts to a powerful aquatic tail in water.


Message History

You are too injured to fight recklessly!
You are too injured to fight recklessly!
You are too injured to fight recklessly!
You are too injured to fight recklessly!
You are too injured to fight recklessly!
You are too injured to fight recklessly!
You are too injured to fight recklessly!
You are too injured to fight recklessly!
You are too injured to fight recklessly!
You are too injured to fight recklessly!
You are too injured to fight recklessly!
You are too injured to fight recklessly!
You are too injured to fight recklessly!
You are too injured to fight recklessly!
You are too injured to fight recklessly!
You hit the orc. You punch the orc.
The orc is severely wounded.
The endoplasm closely misses you. The orc misses you.
The orc closely misses you. The orc hits you with a +0 hand axe.
You hit the orc.
You kill the orc!
The endoplasm barely misses you. The orc barely misses you.
The orc hits you with a +0 hand axe.
* * * LOW HITPOINT WARNING * * *
You hit the orc.
The orc is severely wounded.
The endoplasm jiggles.
The endoplasm freezes you.
You are frozen.
* * * LOW HITPOINT WARNING * * *
The orc closely misses you. The orc completely misses you.
You hit the orc.
The orc is severely wounded.
The endoplasm barely misses you. The orc misses you.
The orc completely misses you.
You puncture the orc!
You kill the orc!
The endoplasm freezes you.
You are frozen.
You die...

#... #... #..#
#..# . #..# # ..
#..#.#
.#.###))#.#
......J@o.#
.#.#..$.### .
#.#..# #.
#..#.##
#.###.###.####
....# ##...# #.#
##..###.# ##.##
##.......#
#..###.#........


You could see an orc and an endoplasm.

Vanquished Creatures
  An adder (D:2)
  3 orcs (D:3)
  2 bats (D:2)
  An endoplasm (D:1)
  3 giant cockroaches (D:1)
  7 goblins
  4 hobgoblins
  A quokka (D:1)
  5 ball pythons
  10 frilled lizards
  3 kobolds (D:1)
  6 rats
46 creatures vanquished.

Vanquished Creatures (others)
  6 plants (D:2)
  10 toadstools (D:2)
16 creatures vanquished.

Grand Total: 62 creatures vanquished

Notes
Turn   | Place    | Note
-------+----------+-------------------------------------------
     0 | D:1      | EarthwalkerPL the Merfolk Gladiator began the quest for the
                  | Orb.
     0 | D:1      | Reached XP level 1. HP: 16/16 MP: 1/1
   267 | D:1      | Reached XP level 2. HP: 16/23 MP: 2/2
  1145 | D:2      | Reached XP level 3. HP: 22/28 MP: 3/3
  1271 | D:2      | Reached skill level 1 in Armour
  1808 | D:3      | Frozen to death by an endoplasm

Illustrated notes

Levels and vault maps discovered:
D:1:      arrival_zaba_pyramid, layout_basic, minivault_27
D:2:      cheibrodos_fertilizer, layout_rooms, wad_floor_pattern_untrapped,
          minmay_lizard_king
D:3:      cheibrodos_greedy_goblins, layout_loops_ring,
          mainiacjoe_overflow_boulevard, uniq_crazy_yiuf_cottage

Skill      XL: |  1  2  3 |
---------------+----------+-----
Armour         | 1 |  1.1
Fighting       | 3 |  3.0
Polearms       | |  4.5
Throwing       | |  2.2
Dodging        | |  4.3

Action                   || total
-------------------------++-------
Melee: Trident           ||   143
       Punch             ||     1
 Stab: Sleeping          ||     2
Armor: Leather armour    ||    42
Dodge: Dodged            ||   112
